3205 views
Uploaded 2020-02-15 15:41:39
Game version 1.32 / 1.32.1
19:23 long 4on4 ladder game on (8)Sanctuary_LV
Saved by iggythefisk
3205 views
Uploaded 2020-02-15 15:41:39
Game version 1.32 / 1.32.1
19:23 long 4on4 ladder game on (8)Sanctuary_LV


151 units @ 22.1k
/ 3.6k
96 buildings @ 13.5k
/ 6.4k

| Healing Salve | 4 | 400 |
| Lesser Clarity Potion | 3 | 210 |
| Scroll of Speed | 1 | 50 |
| total: | 8 | 660g |
| Peon | 8 | 600 | / | 0 |
| Troll Headhunter | 15 | 2100 | / | 300 |
| Grunt | 1 | 200 | / | 0 |
| Troll Batrider | 12 | 1920 | / | 480 |
| Demolisher | 9 | 1980 | / | 450 |
| total: | 45 | 6800g | / | 1230w |
| Watch Tower | 5 | 550 | / | 400 |
| Altar of Storms | 1 | 180 | / | 50 |
| Orc Burrow | 8 | 1280 | / | 320 |
| War Mill | 1 | 205 | / | 0 |
| Barracks | 2 | 360 | / | 100 |
| Voodoo Lounge | 1 | 130 | / | 30 |
| Great Hall | 1 | 385 | / | 185 |
| Beastiary | 3 | 435 | / | 420 |
| Stronghold | 1 | 315 | / | 190 |
| Fortress | 1 | 325 | / | 190 |
| total: | 22 | 3525g | / | 1505w |
| 0:17 | Peon |
| 0:23 | Altar of Storms |
| 0:24 | Peon |
| 0:27 | Orc Burrow |
| 0:48 | Peon |
| 1:06 | Peon |
| 1:32 | War Mill |
| 1:38 | Barracks |
| 1:40 | Peon |
| 1:41 | Peon |
| 1:53 | Orc Burrow |
| 2:03 | Peon |
| 2:46 | Troll Headhunter |
| 2:46 | Troll Headhunter |
| 2:47 | Troll Headhunter |
| 2:47 | Troll Headhunter |
| 2:55 | Barracks |
| 2:56 | Peon |
| 3:03 | Orc Burrow |
| 3:21 | Troll Headhunter |
| 3:25 | Steel Ranged Weapons |
| 3:57 | Voodoo Lounge |
| 4:02 | Troll Headhunter |
| 4:03 | Troll Headhunter |
| 4:14 | War Stomp |
| 4:41 | Endurance Aura |
| 4:43 | Grunt |
| 4:44 | Troll Headhunter |
| 4:45 | Troll Headhunter |
| 4:46 | Troll Headhunter |
| 4:57 | Troll Headhunter |
| 5:03 | Healing Salve |
| 5:09 | Lesser Clarity Potion |
| 5:09 | Lesser Clarity Potion |
| 5:24 | Troll Headhunter |
| 5:50 | Troll Headhunter |
| 6:32 | Orc Burrow |
| 7:06 | Endurance Aura |
| 7:22 | Stronghold |
| 7:26 | Orc Burrow |
| 7:36 | Healing Salve |
| 7:44 | Lesser Clarity Potion |
| 7:46 | Scroll of Speed |
| 7:46 | Healing Salve |
| 8:53 | War Stomp |
| 9:11 | Troll Headhunter |
| 9:11 | Troll Headhunter |
| 10:09 | Healing Salve |
| 11:22 | Beastiary |
| 11:24 | Beastiary |
| 11:27 | Beastiary |
| 11:29 | Fortress |
| 12:05 | Great Hall |
| 12:46 | Orc Burrow |
| 12:48 | Troll Batrider |
| 12:49 | Troll Batrider |
| 12:51 | Troll Batrider |
| 12:51 | Orc Burrow |
| 12:54 | Orc Burrow |
| 13:08 | Troll Batrider |
| 13:09 | Troll Batrider |
| 13:09 | Troll Batrider |
| 14:00 | Watch Tower |
| 14:06 | Troll Batrider |
| 14:06 | Troll Batrider |
| 14:08 | Watch Tower |
| 14:14 | Watch Tower |
| 14:43 | Liquid Fire |
| 14:44 | Troll Batrider |
| 14:46 | Troll Batrider |
| 15:08 | Troll Batrider |
| 15:08 | Troll Batrider |
| 15:25 | Watch Tower |
| 16:09 | Demolisher |
| 16:14 | Demolisher |
| 16:17 | Demolisher |
| 16:17 | Demolisher |
| 16:44 | Summon Water Elemental |
| 17:00 | Burning Oil |
| 17:01 | Demolisher |
| 17:03 | Thorium Ranged Weapons |
| 17:33 | Demolisher |
| 17:56 | Demolisher |
| 18:32 | Demolisher |
| 18:32 | Demolisher |
| 18:50 | Watch Tower |
| Right click | 1156 |
| Select | 457 |
| Select group | 161 |
| Build/train/purchase | 98 |
| Misc. action | 42 |
| Assign group | 29 |
| Use ability | 15 |
| Remove unit | 5 |
| Item give/drop | 3 |
| Minimap ping | 1 |

| Potion of Mana | 1 | 200 |
| Healing Salve | 1 | 100 |
| total: | 2 | 300g |
| Wisp | 18 | 1080 | / | 0 |
| Huntress | 4 | 780 | / | 80 |
| Glaive Thrower | 1 | 210 | / | 65 |
| Druid of the Claw | 3 | 765 | / | 240 |
| Chimaera | 9 | 2970 | / | 630 |
| Mortar Team | 2 | 360 | / | 140 |
| total: | 37 | 6165g | / | 1155w |
| Moon Well | 8 | 1440 | / | 320 |
| Altar of Elders | 1 | 180 | / | 50 |
| Hunter's Hall | 1 | 210 | / | 100 |
| Ancient of War | 1 | 150 | / | 60 |
| Tree of Life | 1 | 340 | / | 185 |
| Ancient of Lore | 2 | 310 | / | 290 |
| Ancient of Wind | 1 | 150 | / | 140 |
| Chimaera Roost | 2 | 280 | / | 380 |
| Tree of Ages | 1 | 320 | / | 180 |
| Tree of Eternity | 1 | 330 | / | 200 |
| Farm | 2 | 160 | / | 40 |
| total: | 19 | 3220g | / | 1565w |
| 0:02 | Wisp |
| 0:02 | Wisp |
| 0:08 | Moon Well |
| 0:17 | Altar of Elders |
| 0:30 | Wisp |
| 0:43 | Wisp |
| 0:58 | Hunter's Hall |
| 1:04 | Wisp |
| 1:21 | Wisp |
| 1:30 | Ancient of War |
| 1:36 | Wisp |
| 1:57 | Moon Well |
| 2:00 | Wisp |
| 2:21 | Shadow Strike |
| 2:31 | Wisp |
| 2:35 | Wisp |
| 2:56 | Huntress |
| 3:08 | Glaive Thrower |
| 3:47 | Huntress |
| 3:52 | Tree of Ages |
| 4:02 | Healing Salve |
| 4:40 | Huntress |
| 4:50 | Moon Well |
| 5:32 | Potion of Mana |
| 6:05 | Huntress |
| 6:17 | Moon Well |
| 6:18 | Tree of Eternity |
| 6:30 | Ancient of Lore |
| 6:33 | Ancient of Lore |
| 7:13 | Moon Well |
| 7:28 | Fan of Knives |
| 7:45 | Druid of the Claw Adept Training |
| 7:46 | Druid of the Claw |
| 7:48 | Druid of the Claw |
| 8:27 | Tree of Life |
| 8:45 | Wisp |
| 8:45 | Wisp |
| 8:45 | Wisp |
| 8:46 | Wisp |
| 8:49 | Wisp |
| 9:02 | Druid of the Claw Master Training |
| 9:45 | Farm |
| 9:47 | Farm |
| 10:27 | Mark of the Claw |
| 10:27 | Druid of the Claw |
| 10:32 | Chimaera Roost |
| 10:40 | Chimaera Roost |
| 11:30 | Wisp |
| 11:30 | Wisp |
| 11:31 | Wisp |
| 11:35 | Moon Well |
| 12:07 | Corrosive Breath |
| 12:08 | Chimaera |
| 12:29 | Reinforced Hides |
| 12:29 | Strength of the Wild |
| 12:52 | Mortar Team |
| 12:53 | Mortar Team |
| 13:13 | Chimaera |
| 14:10 | Chimaera |
| 14:49 | Chimaera |
| 15:27 | Moon Well |
| 15:28 | Moon Well |
| 16:20 | Improved Strength of the Wild |
| 16:45 | Chimaera |
| 16:55 | Chimaera |
| 17:16 | Chimaera |
| 17:50 | Chimaera |
| 18:08 | Shadow Strike |
| 18:32 | Improved Reinforced Hides |
| 18:38 | Chimaera |
| 18:52 | Ancient of Wind |
| Right click | 1033 |
| Select | 223 |
| Select group | 155 |
| Assign group | 64 |
| Build/train/purchase | 58 |
| Use ability | 31 |
| Minimap ping | 1 |


| Lesser Clarity Potion | 4 | 280 |
| Healing Salve | 2 | 200 |
| total: | 6 | 480g |
| Peasant | 17 | 1275 | / | 0 |
| Footman | 5 | 675 | / | 0 |
| Rifleman | 3 | 615 | / | 90 |
| total: | 25 | 2565g | / | 90w |
| Scout Tower | 8 | 240 | / | 160 |
| Arcane Tower | 2 | 140 | / | 100 |
| Guard Tower | 5 | 350 | / | 250 |
| Altar of Kings | 1 | 180 | / | 50 |
| Barracks | 1 | 160 | / | 60 |
| Farm | 4 | 320 | / | 80 |
| Lumber Mill | 1 | 120 | / | 0 |
| Blacksmith | 1 | 140 | / | 60 |
| Town Hall | 1 | 385 | / | 205 |
| Arcane Vault | 2 | 260 | / | 60 |
| Keep | 1 | 320 | / | 210 |
| total: | 19 | 1805g | / | 675w |
| 0:03 | Peasant |
| 0:09 | Altar of Kings |
| 0:12 | Barracks |
| 0:15 | Farm |
| 0:16 | Peasant |
| 0:25 | Farm |
| 0:31 | Peasant |
| 0:43 | Peasant |
| 0:51 | Farm |
| 1:00 | Peasant |
| 1:07 | Peasant |
| 1:19 | Footman |
| 1:19 | Footman |
| 1:33 | Peasant |
| 1:40 | Footman |
| 1:50 | Farm |
| 1:55 | Peasant |
| 2:08 | Summon Water Elemental |
| 2:12 | Footman |
| 2:43 | Lumber Mill |
| 2:44 | Peasant |
| 2:45 | Peasant |
| 2:48 | Scout Tower |
| 2:50 | Scout Tower |
| 3:25 | Healing Salve |
| 3:25 | Lesser Clarity Potion |
| 3:40 | Keep |
| 4:02 | Footman |
| 4:05 | Arcane Tower |
| 4:07 | Guard Tower |
| 4:37 | Brilliance Aura |
| 4:55 | Lesser Clarity Potion |
| 4:55 | Lesser Clarity Potion |
| 4:57 | Healing Salve |
| 5:33 | Lesser Clarity Potion |
| 6:18 | Blacksmith |
| 6:25 | Peasant |
| 6:25 | Peasant |
| 6:27 | Improved Lumber Harvesting |
| 7:04 | Storm Bolt |
| 7:26 | Town Hall |
| 7:32 | Scout Tower |
| 7:33 | Scout Tower |
| 7:34 | Scout Tower |
| 7:35 | Scout Tower |
| 7:37 | Arcane Vault |
| 7:39 | Scout Tower |
| 7:56 | Peasant |
| 7:56 | Peasant |
| 7:57 | Peasant |
| 8:06 | Scout Tower |
| 8:08 | Arcane Vault |
| 8:17 | Improved Masonry |
| 8:19 | Rifleman |
| 8:19 | Rifleman |
| 8:21 | Black Gunpowder |
| 8:23 | Long Rifles |
| 8:34 | Arcane Tower |
| 8:40 | Guard Tower |
| 8:48 | Guard Tower |
| 8:59 | Guard Tower |
| 9:07 | Rifleman |
| 9:15 | Peasant |
| 9:16 | Peasant |
| Right click | 286 |
| Select | 186 |
| Build/train/purchase | 68 |
| Use ability | 8 |
| Select group | 6 |
| Assign group | 5 |
| Esc | 2 |
| Item give/drop | 1 |


| Healing Salve | 1 | 100 |
| Scroll of Speed | 1 | 50 |
| Lesser Clarity Potion | 2 | 140 |
| total: | 4 | 290g |
| Peon | 17 | 1275 | / | 0 |
| Wind Rider | 8 | 2120 | / | 320 |
| Demolisher | 6 | 1320 | / | 300 |
| Troll Witch Doctor | 2 | 290 | / | 50 |
| Troll Batrider | 1 | 160 | / | 40 |
| Peasant | 4 | 300 | / | 0 |
| Mortar Team | 6 | 1080 | / | 420 |
| total: | 44 | 6545g | / | 1130w |
| Watch Tower | 14 | 1540 | / | 1120 |
| Altar of Storms | 1 | 180 | / | 50 |
| Orc Burrow | 5 | 800 | / | 200 |
| War Mill | 2 | 410 | / | 0 |
| Voodoo Lounge | 2 | 260 | / | 60 |
| Great Hall | 1 | 385 | / | 185 |
| Barracks | 2 | 360 | / | 100 |
| Beastiary | 2 | 290 | / | 280 |
| Spirit Lodge | 1 | 150 | / | 150 |
| Stronghold | 2 | 630 | / | 380 |
| Fortress | 2 | 650 | / | 380 |
| Scout Tower | 2 | 60 | / | 40 |
| Farm | 1 | 80 | / | 20 |
| Workshop | 3 | 420 | / | 420 |
| Castle | 2 | 720 | / | 420 |
| total: | 36 | 4935g | / | 2625w |
| 0:02 | Peon |
| 0:02 | Peon |
| 0:02 | Peon |
| 0:05 | Altar of Storms |
| 0:18 | Orc Burrow |
| 0:33 | Peon |
| 0:41 | Peon |
| 0:50 | Peon |
| 1:17 | Peon |
| 1:21 | War Mill |
| 1:30 | Voodoo Lounge |
| 1:38 | Peon |
| 2:05 | Peon |
| 2:10 | Feral Spirit |
| 2:20 | Stronghold |
| 2:23 | Orc Burrow |
| 2:39 | Healing Salve |
| 2:41 | Scroll of Speed |
| 3:14 | Orc Burrow |
| 4:10 | Orc Burrow |
| 4:39 | Voodoo Lounge |
| 4:47 | Beastiary |
| 4:48 | Beastiary |
| 5:21 | Watch Tower |
| 5:23 | Watch Tower |
| 5:55 | Wind Rider |
| 6:11 | Wind Rider |
| 6:38 | Lesser Clarity Potion |
| 6:38 | Lesser Clarity Potion |
| 6:46 | Hex |
| 7:03 | Wind Rider |
| 7:16 | Wind Rider |
| 7:28 | Chain Lighting |
| 7:49 | Great Hall |
| 8:00 | Healing Wave |
| 8:20 | Fortress |
| 8:26 | Reinforced Defenses |
| 9:12 | Feral Spirit |
| 9:15 | Wind Rider |
| 9:18 | Orc Burrow |
| 9:42 | Watch Tower |
| 10:33 | Wind Rider |
| 10:47 | Workshop |
| 10:48 | Workshop |
| 10:59 | Envenomed Spears |
| 11:01 | Steel Ranged Weapons |
| 11:03 | Barracks |
| 11:18 | Workshop |
| 11:22 | Peasant |
| 11:22 | Peasant |
| 11:24 | Farm |
| 11:28 | Peon |
| 11:28 | Peon |
| 11:28 | Peon |
| 11:45 | Peasant |
| 11:45 | Peasant |
| 12:07 | Mortar Team |
| 12:43 | Watch Tower |
| 12:43 | Watch Tower |
| 12:49 | Healing Wave |
| 12:54 | Barracks |
| 12:55 | Burning Oil |
| 13:03 | Mortar Team |
| 13:03 | Mortar Team |
| 13:27 | Watch Tower |
| 13:28 | Peon |
| 13:44 | Demolisher |
| 13:48 | Watch Tower |
| 13:49 | Watch Tower |
| 13:52 | Peon |
| 13:52 | Peon |
| 13:54 | Watch Tower |
| 14:10 | Thunder Clap |
| 14:10 | Thunder Clap |
| 14:34 | Mortar Team |
| 14:37 | Scout Tower |
| 14:38 | Scout Tower |
| 15:00 | Demolisher |
| 15:02 | Spirit Lodge |
| 15:05 | Watch Tower |
| 15:40 | Watch Tower |
| 16:39 | Demolisher |
| 16:45 | Mortar Team |
| 17:21 | Demolisher |
| 17:24 | Watch Tower |
| 17:42 | Wind Rider |
| 17:44 | Demolisher |
| 17:49 | Watch Tower |
| 17:51 | Watch Tower |
| 17:54 | Mortar Team |
| 17:56 | Castle |
| 18:01 | Peon |
| 18:02 | Peon |
| 18:05 | Demolisher |
| 18:23 | Wind Rider |
| 18:40 | War Mill |
| 18:41 | Witch Doctor Adept Training |
| 18:41 | Witch Doctor Master Training |
| 18:42 | Troll Witch Doctor |
| 18:42 | Troll Witch Doctor |
| 18:56 | Troll Batrider |
| Right click | 1026 |
| Select group | 835 |
| Select | 423 |
| Misc. action | 277 |
| Build/train/purchase | 108 |
| Chat | 86 |
| Assign group | 65 |
| Use ability | 43 |
| Minimap ping | 12 |
| Item give/drop | 1 |
| Esc | 1 |
97 units @ 8.7k
/ 0.9k
229 buildings @ 20.4k
/ 10.8k


| Healing Salve | 3 | 300 |
| Lesser Clarity Potion | 1 | 70 |
| Scroll of Speed | 1 | 50 |
| Orb of Lightning | 1 | 375 |
| Boots of Speed | 2 | 500 |
| Staff of Teleportation | 2 | 300 |
| total: | 10 | 1595g |
| Peon | 16 | 1200 | / | 0 |
| Troll Batrider | 9 | 1440 | / | 360 |
| Goblin Shredder | 1 | 375 | / | 100 |
| total: | 26 | 3015g | / | 460w |
| Watch Tower | 31 | 3410 | / | 2480 |
| Altar of Storms | 1 | 180 | / | 50 |
| Orc Burrow | 3 | 480 | / | 120 |
| War Mill | 1 | 205 | / | 0 |
| Voodoo Lounge | 1 | 130 | / | 30 |
| Great Hall | 2 | 770 | / | 370 |
| Beastiary | 4 | 580 | / | 560 |
| Stronghold | 1 | 315 | / | 190 |
| Fortress | 1 | 325 | / | 190 |
| total: | 43 | 5755g | / | 3610w |
| 0:02 | Peon |
| 0:02 | Peon |
| 0:04 | Altar of Storms |
| 0:18 | Orc Burrow |
| 0:32 | War Mill |
| 0:36 | Peon |
| 0:47 | Peon |
| 0:58 | Peon |
| 1:07 | Voodoo Lounge |
| 1:11 | Peon |
| 1:19 | Peon |
| 1:37 | Peon |
| 1:47 | Watch Tower |
| 1:53 | Peon |
| 2:06 | Wind Walk |
| 2:08 | Peon |
| 2:12 | Healing Salve |
| 2:20 | Orc Burrow |
| 2:33 | Watch Tower |
| 2:54 | Peon |
| 2:55 | Peon |
| 3:15 | Watch Tower |
| 3:40 | Peon |
| 3:41 | Peon |
| 3:42 | Watch Tower |
| 4:05 | Watch Tower |
| 4:07 | Stronghold |
| 4:25 | Watch Tower |
| 4:44 | Orc Burrow |
| 5:25 | Watch Tower |
| 5:27 | Watch Tower |
| 5:58 | Healing Salve |
| 5:58 | Lesser Clarity Potion |
| 6:22 | Watch Tower |
| 6:34 | Beastiary |
| 6:37 | Reinforced Defenses |
| 6:57 | Boots of Speed |
| 6:58 | Staff of Teleportation |
| 7:19 | Watch Tower |
| 7:27 | Hex |
| 7:30 | Watch Tower |
| 8:18 | Peon |
| 8:20 | Peon |
| 8:24 | Watch Tower |
| 8:37 | Great Hall |
| 8:39 | Watch Tower |
| 8:51 | Watch Tower |
| 8:53 | Troll Batrider |
| 9:06 | Healing Salve |
| 9:11 | Watch Tower |
| 9:25 | Critical Strike |
| 9:31 | Beastiary |
| 9:59 | Goblin Shredder |
| 10:02 | Healing Wave |
| 10:20 | Watch Tower |
| 10:24 | Watch Tower |
| 10:49 | Fortress |
| 11:19 | Troll Batrider |
| 11:21 | Troll Batrider |
| 11:35 | Watch Tower |
| 11:42 | Watch Tower |
| 12:02 | Troll Batrider |
| 12:08 | Watch Tower |
| 12:12 | Steel Ranged Weapons |
| 12:36 | Troll Batrider |
| 12:42 | Watch Tower |
| 12:46 | Beastiary |
| 12:57 | Scroll of Speed |
| 13:13 | Watch Tower |
| 13:15 | Liquid Fire |
| 13:33 | Troll Batrider |
| 13:37 | Beastiary |
| 13:47 | Watch Tower |
| 13:54 | Spiked Barricades |
| 14:24 | Watch Tower |
| 14:37 | Watch Tower |
| 14:49 | Watch Tower |
| 14:54 | Troll Batrider |
| 14:57 | Orb of Lightning |
| 15:03 | Watch Tower |
| 15:08 | Boots of Speed |
| 15:09 | Staff of Teleportation |
| 15:18 | Thorium Ranged Weapons |
| 15:19 | Improved Spiked Barricades |
| 15:23 | Watch Tower |
| 16:08 | Watch Tower |
| 16:13 | Watch Tower |
| 16:40 | Troll Batrider |
| 16:41 | Troll Batrider |
| 16:46 | Wind Walk |
| 17:16 | Healing Wave |
| 17:21 | Watch Tower |
| 17:27 | Arcanite Ranged Weapons |
| 18:02 | Steel Armor |
| 19:03 | Great Hall |
| Right click | 1383 |
| Select | 391 |
| Select group | 385 |
| Use ability | 76 |
| Build/train/purchase | 72 |
| Misc. action | 54 |
| Assign group | 16 |
| Resource trade | 6 |
| Item give/drop | 3 |
| Remove unit | 2 |
| Minimap ping | 2 |


| Healing Salve | 4 | 400 |
| Lesser Clarity Potion | 5 | 350 |
| Orb of Lightning | 2 | 750 |
| Staff of Teleportation | 2 | 300 |
| Boots of Speed | 2 | 500 |
| Circlet of Nobility | 1 | 175 |
| Staff of Sanctuary | 2 | 500 |
| total: | 18 | 2975g |
| Peon | 13 | 975 | / | 0 |
| Troll Batrider | 10 | 1600 | / | 400 |
| total: | 23 | 2575g | / | 400w |
| Watch Tower | 30 | 3300 | / | 2400 |
| Altar of Storms | 1 | 180 | / | 50 |
| Orc Burrow | 4 | 640 | / | 160 |
| War Mill | 1 | 205 | / | 0 |
| Voodoo Lounge | 2 | 260 | / | 60 |
| Great Hall | 1 | 385 | / | 185 |
| Beastiary | 2 | 290 | / | 280 |
| Stronghold | 1 | 315 | / | 190 |
| Fortress | 1 | 325 | / | 190 |
| total: | 41 | 5260g | / | 3135w |
| 0:03 | Peon |
| 0:03 | Peon |
| 0:10 | Altar of Storms |
| 0:16 | Orc Burrow |
| 0:26 | Peon |
| 0:45 | Peon |
| 0:48 | War Mill |
| 0:58 | Peon |
| 1:12 | Voodoo Lounge |
| 1:18 | Peon |
| 1:28 | Peon |
| 1:35 | Peon |
| 1:59 | Peon |
| 2:02 | Watch Tower |
| 2:03 | Watch Tower |
| 2:07 | Orc Burrow |
| 2:14 | Shockwave |
| 2:19 | Healing Salve |
| 2:21 | Lesser Clarity Potion |
| 2:42 | Peon |
| 2:42 | Peon |
| 3:04 | Watch Tower |
| 3:04 | Watch Tower |
| 3:27 | Peon |
| 3:27 | Peon |
| 3:59 | Stronghold |
| 4:08 | Watch Tower |
| 4:13 | Watch Tower |
| 4:33 | Staff of Teleportation |
| 4:33 | Boots of Speed |
| 5:09 | Endurance Aura |
| 5:12 | Lesser Clarity Potion |
| 5:33 | Orc Burrow |
| 5:41 | Watch Tower |
| 5:41 | Watch Tower |
| 5:46 | Watch Tower |
| 5:56 | Voodoo Lounge |
| 6:44 | Fortress |
| 7:30 | Beastiary |
| 7:49 | Hex |
| 7:58 | Healing Salve |
| 8:05 | Lesser Clarity Potion |
| 8:56 | Troll Batrider |
| 8:56 | Troll Batrider |
| 8:58 | Watch Tower |
| 9:01 | Beastiary |
| 9:02 | Shockwave |
| 9:11 | Watch Tower |
| 9:24 | Spiked Barricades |
| 9:59 | Healing Wave |
| 10:17 | Orb of Lightning |
| 10:22 | Watch Tower |
| 10:26 | Troll Batrider |
| 10:28 | Orc Burrow |
| 11:00 | Troll Batrider |
| 11:01 | Liquid Fire |
| 11:14 | Lesser Clarity Potion |
| 11:15 | Healing Salve |
| 11:25 | Steel Ranged Weapons |
| 11:27 | Reinforced Defenses |
| 11:45 | Watch Tower |
| 12:00 | Staff of Teleportation |
| 12:01 | Boots of Speed |
| 12:01 | Circlet of Nobility |
| 12:36 | Troll Batrider |
| 12:36 | Troll Batrider |
| 12:58 | Watch Tower |
| 13:31 | Watch Tower |
| 13:32 | Watch Tower |
| 13:32 | Watch Tower |
| 13:32 | Watch Tower |
| 14:03 | Great Hall |
| 14:11 | Healing Wave |
| 14:24 | Watch Tower |
| 14:30 | Lesser Clarity Potion |
| 14:34 | Healing Salve |
| 14:43 | Troll Batrider |
| 14:46 | Watch Tower |
| 14:47 | Watch Tower |
| 14:47 | Watch Tower |
| 14:48 | Watch Tower |
| 14:51 | Watch Tower |
| 15:01 | Orb of Lightning |
| 15:42 | Watch Tower |
| 15:54 | War Stomp |
| 16:06 | Troll Batrider |
| 16:06 | Troll Batrider |
| 16:09 | Watch Tower |
| 16:10 | Watch Tower |
| 17:36 | Watch Tower |
| 17:37 | Watch Tower |
| 17:37 | Watch Tower |
| 17:46 | Troll Batrider |
| 17:47 | Thorium Ranged Weapons |
| 17:47 | Steel Armor |
| 18:09 | Staff of Sanctuary |
| 18:11 | Staff of Sanctuary |
| Right click | 1141 |
| Select group | 660 |
| Select | 178 |
| Build/train/purchase | 98 |
| Chat | 69 |
| Use ability | 65 |
| Misc. action | 41 |
| Minimap ping | 22 |
| Assign group | 15 |
| Item give/drop | 8 |
| Esc | 1 |



| Orb of Venom | 1 | 325 |
| Boots of Speed | 3 | 750 |
| Staff of Teleportation | 4 | 600 |
| Circlet of Nobility | 1 | 175 |
| Staff of Sanctuary | 3 | 750 |
| total: | 12 | 2600g |
| Wisp | 30 | 1800 | / | 0 |
| total: | 30 | 1800g | / | 0w |
| Altar of Elders | 1 | 180 | / | 50 |
| Moon Well | 17 | 3060 | / | 680 |
| Tree of Life | 2 | 680 | / | 370 |
| Hunter's Hall | 1 | 210 | / | 100 |
| Ancient of Wonders | 1 | 90 | / | 30 |
| Tree of Ages | 2 | 640 | / | 360 |
| Tree of Eternity | 1 | 330 | / | 200 |
| total: | 22 | 4220g | / | 1230w |
| 0:01 | Wisp |
| 0:04 | Altar of Elders |
| 0:13 | Wisp |
| 0:17 | Moon Well |
| 0:27 | Wisp |
| 0:41 | Wisp |
| 0:53 | Wisp |
| 0:53 | Wisp |
| 1:00 | Wisp |
| 1:16 | Wisp |
| 1:23 | Moon Well |
| 1:33 | Wisp |
| 1:45 | Wisp |
| 1:57 | Wisp |
| 2:04 | Entangling Roots |
| 2:16 | Wisp |
| 2:37 | Wisp |
| 4:31 | Boots of Speed |
| 4:32 | Staff of Teleportation |
| 4:32 | Staff of Teleportation |
| 5:07 | Tree of Ages |
| 5:29 | Moon Well |
| 6:33 | Moon Well |
| 7:30 | Tree of Eternity |
| 7:35 | Moon Well |
| 7:56 | Tree of Life |
| 8:17 | Hunter's Hall |
| 8:59 | Thorns Aura |
| 9:38 | Frost Arrows |
| 9:49 | Boots of Speed |
| 9:56 | Staff of Teleportation |
| 9:56 | Staff of Teleportation |
| 10:22 | Nature's Blessing |
| 10:25 | Well Spring |
| 10:50 | Wisp |
| 10:50 | Wisp |
| 11:01 | Wisp |
| 11:01 | Wisp |
| 11:45 | Wisp |
| 11:45 | Wisp |
| 11:47 | Moon Well |
| 12:19 | Trueshot Aura |
| 12:31 | Tree of Life |
| 13:20 | Wisp |
| 13:20 | Wisp |
| 13:26 | Staff of Sanctuary |
| 13:35 | Ancient of Wonders |
| 14:00 | Wisp |
| 14:01 | Wisp |
| 14:20 | Moon Well |
| 14:21 | Moon Well |
| 15:06 | Wisp |
| 15:15 | Wisp |
| 15:16 | Wisp |
| 15:16 | Wisp |
| 15:22 | Orb of Venom |
| 15:30 | Staff of Sanctuary |
| 15:30 | Staff of Sanctuary |
| 15:50 | Forked Lightning |
| 16:11 | Searing Arrows |
| 16:16 | Moon Well |
| 16:16 | Moon Well |
| 16:44 | Entangling Roots |
| 16:57 | Moon Well |
| 17:06 | Wisp |
| 17:06 | Wisp |
| 17:07 | Wisp |
| 17:21 | Moon Well |
| 18:01 | Moon Well |
| 18:05 | Moon Well |
| 18:27 | Boots of Speed |
| 18:31 | Circlet of Nobility |
| 18:58 | Moon Well |
| 19:00 | Moon Well |
| 19:06 | Moon Well |
| Right click | 1455 |
| Select group | 878 |
| Assign group | 767 |
| Select | 201 |
| Resource trade | 157 |
| Build/train/purchase | 97 |
| Chat | 85 |
| Use ability | 45 |
| Misc. action | 19 |
| Remove unit | 2 |
| Minimap ping | 2 |
| Item give/drop | 1 |



x1)
| Staff of Sanctuary | 3 | 750 |
| Staff of Teleportation | 1 | 150 |
| Tome of Retraining | 1 | 300 |
| Boots of Speed | 1 | 250 |
| Orb of Lightning | 1 | 375 |
| total: | 7 | 1825g |
| Peasant | 18 | 1350 | / | 0 |
| total: | 18 | 1350g | / | 0w |
| Scout Tower | 112 | 3360 | / | 2240 |
| Guard Tower | 55 | 3850 | / | 2750 |
| Arcane Tower | 2 | 140 | / | 100 |
| Altar of Kings | 1 | 180 | / | 50 |
| Farm | 4 | 320 | / | 80 |
| Lumber Mill | 1 | 120 | / | 0 |
| Arcane Vault | 3 | 390 | / | 90 |
| Town Hall | 2 | 770 | / | 410 |
| Keep | 1 | 320 | / | 210 |
| Castle | 1 | 360 | / | 210 |
| total: | 123 | 5140g | / | 2870w |
| 0:01 | Peasant |
| 0:05 | Altar of Kings |
| 0:10 | Peasant |
| 0:19 | Farm |
| 0:20 | Peasant |
| 0:33 | Lumber Mill |
| 0:37 | Peasant |
| 0:47 | Peasant |
| 0:54 | Farm |
| 1:09 | Peasant |
| 1:18 | Scout Tower |
| 1:20 | Peasant |
| 1:26 | Scout Tower |
| 1:32 | Peasant |
| 1:44 | Scout Tower |
| 1:46 | Scout Tower |
| 1:47 | Scout Tower |
| 1:48 | Guard Tower |
| 1:49 | Peasant |
| 2:01 | Guard Tower |
| 2:03 | Scout Tower |
| 2:09 | Peasant |
| 2:11 | Arcane Tower |
| 2:21 | Peasant |
| 2:28 | Guard Tower |
| 2:30 | Scout Tower |
| 2:33 | Scout Tower |
| 2:35 | Scout Tower |
| 2:37 | Peasant |
| 2:39 | Guard Tower |
| 2:44 | Summon Water Elemental |
| 3:01 | Scout Tower |
| 3:01 | Guard Tower |
| 3:03 | Scout Tower |
| 3:17 | Scout Tower |
| 3:28 | Scout Tower |
| 3:28 | Scout Tower |
| 3:30 | Arcane Tower |
| 3:31 | Scout Tower |
| 3:32 | Scout Tower |
| 3:33 | Guard Tower |
| 3:42 | Peasant |
| 3:51 | Scout Tower |
| 3:51 | Scout Tower |
| 3:53 | Guard Tower |
| 3:53 | Guard Tower |
| 3:58 | Scout Tower |
| 4:06 | Peasant |
| 4:07 | Improved Masonry |
| 4:18 | Guard Tower |
| 4:21 | Scout Tower |
| 4:22 | Scout Tower |
| 4:31 | Guard Tower |
| 4:32 | Guard Tower |
| 4:33 | Scout Tower |
| 4:33 | Scout Tower |
| 4:40 | Farm |
| 4:43 | Guard Tower |
| 4:54 | Scout Tower |
| 5:03 | Guard Tower |
| 5:03 | Guard Tower |
| 5:05 | Scout Tower |
| 5:21 | Keep |
| 5:22 | Guard Tower |
| 5:23 | Scout Tower |
| 5:23 | Scout Tower |
| 5:37 | Guard Tower |
| 5:54 | Guard Tower |
| 5:56 | Scout Tower |
| 5:57 | Scout Tower |
| 5:57 | Scout Tower |
| 6:00 | Scout Tower |
| 6:04 | Guard Tower |
| 6:10 | Guard Tower |
| 6:22 | Guard Tower |
| 6:23 | Scout Tower |
| 6:26 | Scout Tower |
| 6:27 | Scout Tower |
| 6:27 | Scout Tower |
| 6:30 | Guard Tower |
| 6:36 | Scout Tower |
| 6:39 | Scout Tower |
| 6:39 | Scout Tower |
| 6:41 | Scout Tower |
| 6:42 | Scout Tower |
| 6:53 | Guard Tower |
| 7:13 | Scout Tower |
| 7:13 | Scout Tower |
| 7:14 | Scout Tower |
| 7:14 | Scout Tower |
| 7:15 | Scout Tower |
| 7:16 | Scout Tower |
| 7:17 | Scout Tower |
| 7:17 | Scout Tower |
| 7:26 | Guard Tower |
| 7:31 | Scout Tower |
| 7:35 | Scout Tower |
| 7:36 | Scout Tower |
| 7:36 | Scout Tower |
| 7:37 | Scout Tower |
| 7:38 | Guard Tower |
| 7:50 | Guard Tower |
| 7:52 | Peasant |
| 7:52 | Guard Tower |
| 7:54 | Advanced Masonry |
| 8:00 | Guard Tower |
| 8:06 | Scout Tower |
| 8:08 | Guard Tower |
| 8:09 | Scout Tower |
| 8:10 | Scout Tower |
| 8:17 | Guard Tower |
| 8:21 | Guard Tower |
| 8:30 | Guard Tower |
| 8:35 | Guard Tower |
| 8:42 | Brilliance Aura |
| 8:45 | Guard Tower |
| 8:54 | Scout Tower |
| 8:55 | Scout Tower |
| 8:56 | Scout Tower |
| 8:56 | Scout Tower |
| 9:22 | Farm |
| 9:38 | Scout Tower |
| 9:40 | Scout Tower |
| 9:41 | Scout Tower |
| 9:42 | Scout Tower |
| 9:44 | Guard Tower |
| 9:55 | Guard Tower |
| 10:12 | Storm Bolt |
| 10:13 | Guard Tower |
| 10:16 | Guard Tower |
| 10:43 | Scout Tower |
| 10:44 | Scout Tower |
| 10:48 | Castle |
| 10:59 | Scout Tower |
| 11:00 | Scout Tower |
| 11:12 | Arcane Vault |
| 11:20 | Scout Tower |
| 11:25 | Scout Tower |
| 11:25 | Scout Tower |
| 11:43 | Guard Tower |
| 11:55 | Town Hall |
| 12:00 | Scout Tower |
| 12:00 | Scout Tower |
| 12:02 | Scout Tower |
| 12:02 | Scout Tower |
| 12:05 | Scout Tower |
| 12:05 | Scout Tower |
| 12:10 | Arcane Vault |
| 12:12 | Arcane Vault |
| 12:29 | Scout Tower |
| 12:47 | Scout Tower |
| 12:48 | Scout Tower |
| 12:48 | Scout Tower |
| 12:49 | Scout Tower |
| 12:50 | Scout Tower |
| 13:00 | Guard Tower |
| 13:01 | Scout Tower |
| 13:02 | Scout Tower |
| 13:09 | Scout Tower |
| 13:21 | Staff of Sanctuary |
| 13:30 | Staff of Sanctuary |
| 13:48 | Summon Water Elemental |
| 13:54 | Scout Tower |
| 13:55 | Scout Tower |
| 13:56 | Scout Tower |
| 13:56 | Scout Tower |
| 14:09 | Bash |
| 14:13 | Bash |
| 14:24 | Guard Tower |
| 14:26 | Peasant |
| 14:27 | Imbued Masonry |
| 14:28 | Improved Lumber Harvesting |
| 14:29 | Guard Tower |
| 14:31 | Scout Tower |
| 14:33 | Scout Tower |
| 14:33 | Scout Tower |
| 14:34 | Scout Tower |
| 14:41 | Guard Tower |
| 15:04 | Guard Tower |
| 16:18 | Holy Light |
| 16:21 | Scout Tower |
| 16:22 | Scout Tower |
| 16:23 | Scout Tower |
| 16:23 | Scout Tower |
| 16:26 | Guard Tower |
| 16:31 | Town Hall |
| 16:33 | Scout Tower |
| 16:33 | Scout Tower |
| 16:34 | Scout Tower |
| 16:34 | Scout Tower |
| 17:18 | Staff of Teleportation |
| 17:19 | Tome of Retraining |
| 17:19 | Retrain Hero |
| 17:19 | Boots of Speed |
| 17:31 | Blizzard |
| 17:31 | Brilliance Aura |
| 17:41 | Staff of Sanctuary |
| 17:43 | Orb of Lightning |
| 17:47 | Guard Tower |
| 17:48 | Scout Tower |
| 17:49 | Scout Tower |
| 17:49 | Scout Tower |
| 17:50 | Scout Tower |
| 17:51 | Scout Tower |
| 17:52 | Scout Tower |
| 18:07 | Advanced Lumber Harvesting |
| 18:09 | Guard Tower |
| 18:18 | Scout Tower |
| 18:19 | Scout Tower |
| 18:20 | Scout Tower |
| 18:21 | Scout Tower |
| 18:26 | Peasant |
| 18:26 | Peasant |
| 18:58 | Guard Tower |
| Right click | 1166 |
| Select | 796 |
| Select group | 185 |
| Build/train/purchase | 159 |
| Assign group | 54 |
| Chat | 19 |
| Use ability | 17 |
| Minimap ping | 10 |
| Resource trade | 5 |
| Item give/drop | 2 |
⇛